 Dungeon Crawl Stone Soup version 0.25-a0-734-g73332aeda9 (webtiles) character file.

Game seed: 17953938814782427678, levelgen mode: deterministic

225 Majang the Insei (level 5, -1/61 HPs)
             Began as a Demigod Transmuter on Apr 11, 2020.
             Slain by Grinder (5 damage)
             ... on level 3 of the Dungeon.
             The game lasted 00:16:51 (4250 turns).

Majang the Insei (Demigod Transmuter)               Turns: 4250, Time: 00:16:52

Health: -1/61      AC: 22    Str: 14 (15) XL:     5   Next: 40%
Magic:  6/11       EV:  2    Int: 14 (17) God:
Gold:   156        SH:  0    Dex: 13 (16) Spells: 1/8 levels left

rFire    . . .     SeeInvis .     - Unarmed
rCold    + . .     Gourm    .   (no shield)
rNeg     + + +     Faith    .   (armour currently unavailable)
rPois    +         Spirit   .   (helmet currently unavailable)
rElec    .         Reflect  .   (cloak currently unavailable)
rCorr    .         Harm     .   (gloves currently unavailable)
MR       .....     NoTele   +   (boots currently unavailable)
Stlth    +.........             g - amulet of rage
HPRegen  0.20/turn              j - ring of protection from cold
MPRegen  0.12/turn              (no ring)

@: tree-form, stab
A: high mp 1
a: Evoke Berserk Rage


You were on level 3 of the Dungeon.
You were not hungry.
You were a tree.
You visited 1 branch of the dungeon, and saw 3 of its levels.

You collected 156 gold pieces.

Inventory:

Missiles
 a - 83 arrows
Armour
 b - a +1 robe (melded)
 i - a +0 plate armour
 m - a +2 kite shield
 n - a +0 scale mail
 o - a +0 chain mail
Jewellery
 g - an amulet of rage (around neck)
 j - a ring of protection from cold (left branch)
Scrolls
 c - a scroll of amnesia
 e - 3 scrolls of teleportation
 q - a scroll of fear {unknown}
 s - a scroll of enchant weapon {unknown}
 t - a scroll of identify
Potions
 f - a potion of haste
 r - a potion of invisibility {unknown}
Comestibles
 d - 7 rations
 h - 6 chunks of flesh


   Skills:
 + Level 2.0 Fighting
 + Level 0.4 Armour
 + Level 2.7 Dodging
 + Level 0.0 Shields
 * Level 4.0 Unarmed Combat
 + Level 2.4 Spellcasting
 + Level 2.7 Transmutations
 + Level 0.1 Ice Magic
 + Level 0.1 Evocations


You had one spell level left.
You knew the following spells:

 Your Spells              Type           Power        Failure   Level  Hunger
a - Beastly Appendage     Tmut           #.....       8%          1    #......
i - Ice Form              Ice/Tmut       #.......     77%         4    #####..
n - Sticks to Snakes      Tmut           #.......     11%         2    ###....

Your spell library contained the following spells:

 Spells                   Type           Power        Failure   Level  Hunger
 Spider Form              Tmut/Pois      #.........   36%         3    ###....
 Blade Hands              Tmut           #.........   90%         5    ######.


Dungeon Overview and Level Annotations

Branches:
Dungeon (3/15)

Annotations:
D:3 Grinder


Innate Abilities, Weirdness & Mutations

You have an increased reservoir of magic. (+10% MP)


Message History

You create a snake!
You now have 83 arrows.
Grinder gestures at you. Pain shoots through your body!
* * * LOW HITPOINT WARNING * * *
It was a potion of degeneration.
There was something very wrong with that liquid.
You feel weakened.
You feel dopey.
You feel clumsy. Grinder barely misses you.
Your adder bites Grinder but does no damage.
It was a potion of stabbing.
You feel ready to backstab.
Grinder blinks!
It was a potion of lignification.
Your horns disappear.
You turn into a tree.
Your +1 robe melds into your body.
Your roots penetrate the ground.
You hit Grinder but do no damage. Your punch misses Grinder.
Grinder is moderately wounded.
Grinder hits you.
You die...

#.# #.# ### #.# #.# #.# #.#
#.# #.# ###### #.# #.# .
.....# #.# #.# ... ####.#
#.# #.###..... .....#
####.####..)......
####.#####.....S♣5###...##.
...........##.###.# .....
####.########.# #.# ..##
.......######.# #.# ...
.###.[>.......# ... ..
.###.#.######## ... #
.....#.# ...$. ..#..#.#
..... ..#.##.# ......#


You could see Grinder and a friendly adder.

Vanquished Creatures
  An orc priest (D:2)
  Terence (D:2)
  A worker ant (D:2)
  4 gnolls
  3 adders
  An ooze (D:2)
  6 worms
  2 dart slugs
  3 orcs (D:1)
  9 bats
  2 giant cockroaches
  5 goblins
  4 hobgoblins
  6 jackals
  A quokka (D:3)
  3 frilled lizards
  5 kobolds
  5 rats
62 creatures vanquished.

Notes
Turn   | Place    | Note
-------+----------+-------------------------------------------
     0 | D:1      | Majang the Demigod Transmuter began the quest for the Orb.
     0 | D:1      | Reached XP level 1. HP: 15/15 MP: 5/5
    37 | D:1      | Reached skill level 1 in Fighting
   199 | D:1      | Reached XP level 2. HP: 14/23 MP: 5/7
   203 | D:1      | Learned a level 2 spell: Sticks to Snakes
   249 | D:1      | Reached skill level 3 in Unarmed Combat
   996 | D:2      | Noticed Terence
  1228 | D:2      | Killed Terence
  1228 | D:2      | Reached XP level 3. HP: 19/28 MP: 8/8
  1617 | D:2      | Reached XP level 4. HP: 26/35 MP: 7/10
  3021 | D:1      | Reached XP level 5. HP: 30/41 MP: 9/11
  3375 | D:2      | Found a glowing golden altar of the Shining One.
  3388 | D:2      | Found an opulent altar of Gozag.
  3480 | D:2      | Found a snail-covered altar of Cheibriados.
  3734 | D:3      | Learned a level 4 spell: Ice Form
  4089 | D:3      | Reached skill level 4 in Unarmed Combat
  4222 | D:3      | Noticed Grinder
  4246 | D:3      | HP: 2/41 [Grinder/nerve-wracking pain (10)]
  4250 | D:3      | Slain by Grinder

Levels and vault maps discovered:
D:1:      dpeg_arrival_subterranean_lakeside_camping, layout_basic,
          minmay_misc_feat_iff
D:2:      layout_basic, minitemple, kennysheep_slug_shrine, uniq_terence
D:3:      layout_loops_ring, first_ration, hangedman_decor_riveting,
          hangedman_decor_peaks_small, uniq_grinder

Skill      XL: |  1  2  3  4  5 |
---------------+----------------+-----
Fighting       | 1 2 |  2.0
Dodging        | 2 |  2.7
Transmutations | 2 |  2.7
Unarmed Combat | 3 4 |  4.0
Spellcasting   | 2 |  2.4
Armour         | |  0.4
Ice Magic      | |  0.1
Evocations     | |  0.1

Action                   |  1- 3 |  4- 6 || total
-------------------------+-------+-------++-------
Melee: Unarmed           |    95 |   143 ||   238
       Kick              |    17 |    25 ||    42
       Headbutt          |     3 |    15 ||    18
       Punch             |       |     3 ||     3
 Cast: Beastly Appendage |    16 |    34 ||    50
       Sticks to Snakes  |       |     3 ||     3
  Use: Scroll            |     4 |     4 ||     8
       Potion            |       |     3 ||     3
  Eat: Chunk             |     2 |     6 ||     8
       Ration            |       |     1 ||     1
Armor: Robe              |     9 |    15 ||    24
Dodge: Dodged            |    55 |    87 ||   142

Table legend:
 A = Non-vault XP
 B = Vault XP
 C = Vault XP percentage of total XP
 D = Non-vault monster count
 E = Vault monster count
 F = Vault count percentage of total count
                 A         B        C        D         E       F
            +---------+---------+-------+---------+---------+-------
      Total |     273 |      49 |  15.2 |      54 |       8 |  12.9
            +---------+---------+-------+---------+---------+-------
        D:1 |      85 |       9 |   9.6 |      18 |       6 |  25.0
        D:2 |     152 |      40 |  20.8 |      24 |       2 |   7.7
        D:3 |      36 |       0 |   0.0 |      12 |       0 |   0.0
            +---------+---------+-------+---------+---------+-------
